 Dungeon Crawl Stone Soup version 0.29-a0-490-g77b3608bb8 (webtiles) character file.

Game seed: 5622928861801753243

254174 Zdeegee the Warrior (level 19, -6/181 (182) HPs)
             Began as a Minotaur Fighter on May 26, 2022.
             Was a High Priest of Okawaru.
             Killed from afar by a fire dragon (41 damage)
             ... with a blast of flame
             ... on level 3 of the Depths on May 27, 2022.
             The game lasted 01:30:25 (61003 turns).

Zdeegee the Warrior (Minotaur Fighter)             Turns: 61003, Time: 01:30:25

HP:   -6/181 (182)  AC: 28    Str: 37    XL:     19   Next: 39%
MP:   26/26         EV: 11    Int:  8    God:    Okawaru [*****.]
Gold: 4536          SH: 20    Dex: 13    Spells: 23/23 levels left

rFire   . . .      SeeInvis .   a - +11 war axe of the Dancing Seeker {speed, rPois Str+2}
rCold   + + .      Faith    .   U - +2 kite shield of the Nine Tales {Rampage rElec}
rNeg    . . .      Spirit   .   V - +7 chain mail of the Bespelled God {Dex+4}
rPois   +          Reflect  +   G - +0 hat of Vexation {Str+3}
rElec   +          Harm     .   O - +0 cloak
rCorr   .          Rampage  +   Z - +2 pair of gloves "Tev Ciny" {rC++ Int+3 Dex-4}
Will    ++...                   o - +0 pair of boots {Fly}
Stlth   ..........              u - amulet of reflection
HPRegen 0.40/turn               h - +6 ring of strength
MPRegen 0.20/turn               v - ring of willpower

@: finesse-ful, flying, lightly drained
A: horns 2, retaliatory headbutt
}: 1/15 runes: decaying
a: Renounce Religion, Heroism, Finesse, Duel


You were on level 3 of the Depths.
You worshipped Okawaru.
Okawaru was extremely pleased with you.
You visited 8 branches of the dungeon, and saw 35 of its levels.

You collected 5778 gold pieces.
You spent 1242 gold pieces at shops.

Inventory:

Hand Weapons
 a - the +11 war axe of the Dancing Seeker (weapon) {speed, rPois Str+2}
   (Okawaru gifted it to you on level 2 of the Elven Halls)

   Attacks with this weapon are significantly faster.
   Str:       It affects your strength (+2).
   rPois:     It protects you from poison.
 b - a +4 hand crossbow of freezing
 c - a +2 eveningstar of flaming
 M - the +5 broad axe "Qecved" {vorpal, rF+ MP+9 SInv}
   (You took it off a deep elf elementalist on level 3 of the Elven Halls)

   It inflicts extra damage upon your enemies.
   rF:        It protects you from fire.
   MP:        It affects your magic capacity (+9).
   SInv:      It lets you see invisible.
Missiles
 B - 4 throwing nets (quivered)
Armour
 o - a +0 pair of boots of flying (worn)
 G - the +0 hat of Vexation (worn) {Str+3}
   (Okawaru gifted it to you on level 5 of the Lair of Beasts)

   Str:       It affects your strength (+3).
 N - a +0 tower shield
 O - a +0 cloak (worn)
 U - the +2 kite shield of the Nine Tales (worn) {Rampage rElec}
   (Okawaru gifted it to you on level 2 of the Swamp)

   rElec:     It insulates you from electricity.
   Rampage:   It bestows one free step when moving towards enemies.
 V - the +7 chain mail of the Bespelled God (worn) {Dex+4}
   (You bought it in a shop on level 2 of the Orcish Mines)

   Dex:       It affects your dexterity (+4).
 Z - the +2 pair of gloves "Tev Ciny" (worn) {rC++ Int+3 Dex-4}
   (Okawaru gifted it to you on level 14 of the Dungeon)

   Int:       It affects your intelligence (+3).
   Dex:       It affects your dexterity (-4).
   rC:        It greatly protects you from cold.
Jewellery
 h - a +6 ring of strength (left hand)
 m - a ring of protection from fire
 u - an amulet of reflection (around neck)
 v - a ring of willpower (right hand)
 w - a ring of resist corrosion
 Q - a ring of protection from cold
 S - the ring of Bodily Harmony {rElec Int+3 Slay+4}
   (You took it off a deep elf blademaster on level 3 of the Elven Halls)

   [ring of slaying]

   Int:       It affects your intelligence (+3).
   Slay:      It affects your accuracy & damage with ranged weapons and melee
   (+4).
   rElec:     It insulates you from electricity.
 T - a ring of positive energy
 W - a ring of willpower
Wands
 x - a wand of digging (18)
 C - a wand of iceblast (15)
 H - a wand of acid (14)
Scrolls
 f - 7 scrolls of enchant armour
 i - 7 scrolls of fog
 k - 4 scrolls of poison
 l - 8 scrolls of amnesia
 r - 6 scrolls of teleportation
 A - 9 scrolls of identify
 P - a scroll of silence
 R - 2 scrolls of magic mapping
Potions
 d - 5 potions of might
 e - 5 potions of brilliance
 j - 7 potions of mutation
 n - 10 potions of curing
 q - 2 potions of flight
 s - 5 potions of resistance
 t - 2 potions of berserk rage
 z - 4 potions of heal wounds
 E - 6 potions of lignification
 I - 7 potions of cancellation
 J - 4 potions of invisibility
 K - 4 potions of haste
 L - 2 potions of magic
 Y - 3 potions of ambrosia
Miscellaneous
 g - a lightning rod (4/4)
 p - a condenser vane
 D - a piece from Xom's chessboard (15/15)
 X - a phantom mirror


   Skills:
 * Level 19.1 Fighting
 + Level 18.8(18.9) Axes
 + Level 2.9(12.7) Maces & Flails
 * Level 12.1 Crossbows
 + Level 0.1 Throwing
 * Level 16.9 Armour
 + Level 4.7 Dodging
 + Level 2.0 Stealth
 * Level 16.3 Shields
 + Level 2.8 Spellcasting
 + Level 3.8 Earth Magic
 + Level 11.8 Invocations
 * Level 11.1 Evocations


You had 23 spell levels left.
You didn't know any spells.
Your spell library contained the following spells:

 Spells                   Type           Power      Damage    Failure   Level
 Sandblast                Erth           14%        2d6       26%         1
 Passwall                 Tmut/Erth      3%         N/A       67%         2
 Apportation              Tloc           2%         N/A       80%         1
 Foxfire                  Conj/Fire      4%         2x1d4     80%         1
 Magic Dart               Conj           4%         1d3       80%         1
 Necrotize                Necr           4%         1d4       80%         1
 Sting                    Tmut/Pois      4%         1d3       80%         1
 Stone Arrow              Conj/Erth      8%         3d7       88%         3
 Ensorcelled Hibernation  Hex/Ice        2%         N/A       90%         2
 Conjure Flame            Conj/Fire      1%         6-21      99%         3
 Dazzling Flash           Conj/Hex       2%         N/A       99%         3
 Inner Flame              Hex/Fire       1%         N/A       99%         3
 Mephitic Cloud           Conj/Pois/Air  1%         N/A       99%         3
 Portal Projectile        Hex/Tloc       2%         N/A       99%         3
 Spider Form              Tmut/Pois      1%         N/A       99%         3
 Anguish                  Hex/Necr       0%         N/A       100%        4
 Corpse Rot               Necr/Pois/Air  1%         N/A       100%        4
 Dispel Undead            Necr           1%         3d6       100%        4
 Flame Wave               Conj/Fire      1%         2d4       100%        4
 Hailstorm                Conj/Ice       1%         3d3       100%        4
 Ice Form                 Ice/Tmut       1%         N/A       100%        4
 Iskenderun's Mystic Bla  Conj/Tloc      1%         2d3       100%        4
 Blade Hands              Tmut           0%         N/A       100%        5
 Fireball                 Conj/Fire      0%         3d3       100%        5
 Irradiate                Conj/Tmut      0%         3d13      100%        5
 Iskenderun's Battlesphe  Conj           1%         2d6       100%        5
 Conjure Ball Lightning   Conj/Air       0%         3x3d6     100%        6
 Dispersal                Tloc           0%         N/A       100%        6
 Eringya's Noxious Bog    Tmut/Pois      0%         N/A       100%        6
 Starburst                Conj/Fire      0%         6d3       100%        6
 Dragon Form              Tmut           0%         N/A       100%        7
 Orb of Destruction       Conj           0%         9d5       100%        7
 Storm Form               Tmut/Air       0%         N/A       100%        7
 Disjunction              Tloc           0%         N/A       100%        8
 Maxwell's Capacitive Co  Air            0%         ∞         100%        8
 Summon Small Mammal      Summ           Unusable   N/A       N/A         1
 Call Imp                 Summ           Unusable   N/A       N/A         2
 Tukima's Dance           Hex            Unusable   N/A       N/A         3
 Summon Lightning Spire   Summ/Air       Unusable   N/A       N/A         4
 Death Channel            Necr           Unusable   N/A       N/A         6
 Simulacrum               Ice/Necr       Unusable   N/A       N/A         6

Dungeon Overview and Level Annotations

Branches:
Dungeon (15/15)            Temple (1/1) D:5            Lair (6/6) D:11
  Swamp (4/4) Lair:2       Spider (1/4) Lair:3        Slime (0/5) Lair:6
    Orc (2/2) D:10            Elf (3/3) Orc:2        Vaults (0/5) D:14
 Depths (3/4) D:15

Altars:
Ashenzari
Cheibriados
Dithmenos
Elyvilon
Fedhas
Gozag
Makhleb
Nemelex Xobeh
Okawaru
Qazlal
Sif Muna
Trog
Uskayaw
Wu Jian
Xom
Zin
The Shining One
Beogh

Shops:
D:12 *   Orc:2 (:*[*   Elf:1 ?   Elf:2 !

Portals:
Hell: Depths:1 Depths:2
Abyss: Depths:2
Pandemonium: Depths:2

Annotations:
D:3 3 runed translucent doors, jlumianski's ghost, weakling DsFi
D:4 1 runed translucent door, Crazy Yiuf
Lair:6 exclusion: oklob plant
Swamp:4 2 runed translucent doors, RandomusNamus's ghost, adept FoFi
Orc:1 1 runed translucent door


Innate Abilities, Weirdness & Mutations

You have a pair of horns on your head.
You reflexively headbutt those who attack you in melee.


Message History

You block the iron dragon's attack. x2
You hit the iron dragon.
The iron dragon is lightly wounded.
You closely miss the iron dragon.
The iron dragon is lightly wounded.
You completely miss the iron dragon. You headbutt the iron dragon.
The iron dragon is lightly wounded.
You slice the fire dragon!!
You hear a deafening roar!
You hit the iron dragon but do no damage.
The iron dragon is lightly wounded.
You slice the fire dragon!!
You hit the iron dragon but do no damage.
You headbutt the iron dragon!
The iron dragon is lightly wounded.
You completely miss the fire dragon.
The iron dragon breathes metal splinters at you.
The spray of metal splinters hits you!!
You hear two shouts!
As you read the scroll of fear, it crumbles to dust.
You assume a fearsome visage.
The fire dragon resists with some effort.
The lich is unaffected.
The iron dragon resists with almost no effort.
The fire dragon bites you but does no damage.
You block the fire dragon's attack. x2
The iron dragon breathes metal splinters at you.
The spray of metal splinters hits you!!!
* * * LOW HITPOINT WARNING * * *
You hear a loud rustle.
You feel much better. The fire dragon misses you.
The fire dragon claws you but does no damage.
The fire dragon tramples you but does no damage.
An ice dragon comes into view.
Blink to where?
Press: ? - help, Dir - move target
As you read the scroll of blinking, it crumbles to dust.
The fire dragon breathes flames at you. The blast of flame hits you!!!
You die...

#. #... #...(## +.
#.)# ###.## #| #D#
### #.###.#
#..[.[#######
#...........##
####+#.............
.........>..L....###
#..........D....@..#
##.$...<)§.D.......#
##.....############
##...## ##.# ##


You could see an iron dragon, a fire dragon (catching breath) and a lich.

Vanquished Creatures
  the Lernaean hydra (Swamp:4)
  A lich (Depths:1)
  2 deep elf blademasters (Elf:3)
  3 deep elf master archers (Elf:3)
  A thorn hunter (Swamp:3)
  A tengu reaver (Depths:3)
  Donald (Elf:1)
  A storm dragon (Depths:3)
  Kirke (D:15)
  A fire giant (Depths:2)
  2 frost giants
  Aizul (Swamp:2)
  5 deep elf sorcerers (Elf:3)
  2 balrugs
  An orc warlord (Orc:2)
  4 deep elf elementalists (Elf:3)
  Louise (D:15)
  A quicksilver ooze (shapeshifter) (D:15)
  7 stone giants
  11 very ugly things (Depths:2)
  3 vampire knights
  4 eleionomae
  Azrael (D:14)
  9 deep elf annihilators (Elf:3)
  An entropy weaver (Lair:3)
  2 spark wasps (Depths:3)
  8 deep elf demonologists (Elf:3)
  4 bunyips
  4 deep elf death magi (Elf:3)
  A green death (Depths:1)
  An ettin (Depths:1)
  2 jiangshi (Depths:1)
  4 fire dragons
  3 deep elf high priests (Elf:3)
  A great orb of eyes (D:15)
  5 boulder beetles
  Fannar (Lair:2)
  3 ice dragons
  14 hydras
  A rakshasa (D:15)
  3 vault guards (D:14)
  2 ogre magi
  2 spriggan air magi
  A hell beast (Depths:1)
  3 ghost crabs
  6 catoblepae
  A two-headed ogre (shapeshifter) (D:15)
  14 two-headed ogres
  2 centaur warriors
  3 deep troll shamans (Depths:1)
  20 death yaks
  30 dancing weapons
  5 tengu warriors
  11 alligators
  2 vampire magi (Depths:1)
  2 orc high priests
  A titan zombie (Depths:1)
  A deep troll earth mage (Depths:2)
  2 sun demons (Depths:1)
  A spriggan berserker (Depths:1)
  7 deep elf knights
  Nergalle (Orc:2)
  4 iron trolls
  A soul eater (Depths:1)
  2 spriggan druids
  3 goliath frogs
  6 deep trolls
  Lodul (D:14)
  A flayed ghost (Depths:2)
  An obsidian statue (Depths:1)
  A wizard (Depths:1)
  2 lindwurms (Lair:6)
  13 swamp dragons
  6 bog bodies
  Pikel (D:5)
  6 deep elf archers
  A necromancer (Depths:1)
  18 deep elf pyromancers
  2 phantasmal warriors (Depths:1)
  6 orc knights
  23 deep elf zephyrmancers
  A frost giant zombie (Depths:1)
  25 ugly things
  2 wolf spiders (Lair:3)
  10 manticores
  2 orc sorcerers
  3 cyclopes
  2 black mambas
  5 will-o-the-wisps
  3 elephants (Lair:6)
  A guardian serpent (shapeshifter) (Elf:1)
  A rust devil (Depths:2)
  A gargoyle (D:14)
  A hellion (Depths:1)
  3 smoke demons (Depths:1)
  13 cane toads
  2 torpor snails
  2 kobold demonologists (D:13)
  A storm dragon simulacrum (Depths:1)
  An unseen horror (shapeshifter) (D:15)
  4 efreet
  A rime drake (shapeshifter) (D:12)
  3 tengu conjurers
  7 komodo dragons
  2 unseen horrors
  4 hellwings (Depths:1)
  A freezing wraith (D:15)
  4 rime drakes
  An ice devil (Depths:2)
  A golden dragon simulacrum (Depths:1)
  9 trolls
  A polar bear (shapeshifter) (D:15)
  A polar bear (Lair:4)
  6 tyrant leeches
  3 meliai (D:14)
  A tengu simulacrum (Depths:1)
  31 slime creatures
  Grinder (D:4)
  10 hornets
  2 tarantellas
  20 blink frogs
  A jumping spider (shapeshifter) (Elf:3)
  11 spriggans
  5 jumping spiders (Spider:1)
  Sigmund (D:4)
  A shadow (D:13)
  3 air elementals
  4 water elementals
  2 culicivoras
  4 basilisks
  A wraith (D:11)
  2 ynoxinuls
  61 yaks
  3 wyverns
  4 fire elementals
  A vampire (D:13)
  5 hogs (D:15)
  5 redbacks
  2 steam dragons
  2 chaos spawn
  10 vampire mosquitoes
  2 neqoxecs (Depths:1)
  7 wargs
  11 swamp worms
  16 water moccasins
  2 hell hounds (D:15)
  An acid dragon (D:11)
  8 swamp drakes
  A black bear (D:4)
  26 orc warriors
  An ice beast (D:6)
  17 wolves
  14 ogres
  16 centaurs
  A lemure (D:5)
  2 phantoms
  Blork the orc (D:4)
  A kobold brigand (D:8)
  3 earth elementals
  15 bullfrogs
  A necrophage (D:4)
  4 scorpions
  16 killer bees
  2 howler monkeys
  A vampire bat (D:10)
  2 hounds
  24 orc priests
  5 iguanas
  32 orc wizards
  A hound zombie (D:3)
  2 hound skeletons (D:3)
  8 gnolls
  9 adders
  2 white imps (D:7)
  An ufetubus (D:6)
  2 adder skeletons (D:3)
  2 adder zombies (D:3)
  63 orcs
  5 endoplasms
  6 giant cockroaches
  6 goblins
  7 hobgoblins
  2 jackals (D:3)
  3 quokkas
  6 ball pythons
  A ball python skeleton (D:3)
  A ball python zombie (D:3)
  9 bats
  6 frilled lizards
  20 kobolds
  A quokka skeleton (D:3)
  9 rats
  5 briar patches (Swamp:3)
  2 bushes
1069 creatures vanquished.

Vanquished Creatures (others)
  A deep elf knight (Elf:2)
  A deep elf zephyrmancer (Elf:2)
  5 bloated husks
  A swamp worm (Swamp:3)
  An orc (D:10)
  20 foxfires
  44 fungi
  71 plants
  A withered plant (D:3)
145 creatures vanquished.

Grand Total: 1214 creatures vanquished

Notes
Turn   | Place    | Note
-------+----------+-------------------------------------------
     0 | D:1      | Zdeegee the Minotaur Fighter began the quest for the Orb.
     0 | D:1      | Reached XP level 1. HP: 19/19 MP: 0/0
   252 | D:1      | Reached XP level 2. HP: 27/27 MP: 1/1
   945 | D:2      | Reached XP level 3. HP: 26/33 MP: 2/2
  1175 | D:2      | Found a faded altar of an unknown god.
  1179 | D:2      | Reached skill level 4 in Fighting
  1241 | D:2      | Reached XP level 4. HP: 34/40 MP: 3/3
  1404 | D:2      | Reached skill level 1 in Invocations
  2126 | D:3      | Reached XP level 5. HP: 47/47 MP: 4/4
  2141 | D:3      | Found a runed translucent gate.
  2142 | D:3      | Found a runed translucent gate.
  2146 | D:3      | Noticed jlumianski's ghost (weakling DsFi)
  2147 | D:3      | Found a runed translucent gate.
  2324 | D:4      | Noticed Sigmund
  2543 | D:4      | Killed Sigmund
  2544 | D:4      | Reached skill level 5 in Armour
  2544 | D:4      | Reached skill level 1 in Evocations
  2544 | D:4      | Reached XP level 6. HP: 46/53 MP: 4/6
  2684 | D:4      | Noticed Grinder
  2960 | D:4      | Paralysed by Grinder for 3 turns
  2963 | D:4      | Killed Grinder
  2964 | D:4      | Reached skill level 5 in Fighting
  2964 | D:4      | Reached skill level 5 in Axes
  2964 | D:4      | Reached XP level 7. HP: 51/61 MP: 7/7
  3024 | D:4      | Reached skill level 5 in Shields
  3087 | D:4      | Found a hide-covered altar of Uskayaw.
  3200 | D:4      | Noticed Blork the orc
  3209 | D:4      | Killed Blork the orc
  3210 | D:4      | Reached skill level 1 in Dodging
  3614 | D:4      | Found a runed translucent door.
  3615 | D:4      | Noticed Crazy Yiuf
  3684 | D:4      | Reached XP level 8. HP: 48/69 MP: 9/9
  3829 | D:4      | Found a shimmering altar of Xom.
  4139 | D:5      | Entered Level 5 of the Dungeon
  4293 | D:5      | Noticed Pikel
  4300 | D:5      | Killed Pikel
  4301 | D:5      | Reached skill level 6 in Fighting
  4527 | D:5      | Found a shadowy altar of Dithmenos.
  4603 | D:5      | Found a staircase to the Ecumenical Temple.
  4622 | Temple   | Entered the Ecumenical Temple
  4727 | Temple   | Became a worshipper of Warmaster Okawaru
  5245 | D:6      | Found a burning altar of Makhleb.
  5255 | D:6      | Reached XP level 9. HP: 42/78 MP: 10/10
  5523 | D:6      | Reached * piety under Okawaru
  5917 | D:6      | Found a glowing golden altar of the Shining One.
  6009 | D:6      | Found a stormy altar of Qazlal.
  6129 | D:7      | Reached skill level 7 in Fighting
  7507 | D:8      | Reached ** piety under Okawaru
  7624 | D:8      | HP: 1/79 [killer bee (3)]
  8323 | D:8      | Reached XP level 10. HP: 86/88 MP: 12/12
  8352 | D:8      | Got the Papyrus of Transmutation
  8930 | D:9      | Reached skill level 5 in Invocations
  9090 | D:9      | Reached skill level 8 in Fighting
  9731 | D:9      | Noticed a two-headed ogre
  9737 | D:9      | Killed a two-headed ogre
  9737 | D:9      | Reached *** piety under Okawaru
  9738 | D:9      | Reached skill level 1 in Crossbows
  9855 | D:9      | Noticed a two-headed ogre
  9871 | D:9      | Killed a two-headed ogre
  9872 | D:9      | Reached skill level 5 in Evocations
 10327 | D:10     | Entered Level 10 of the Dungeon
 10337 | D:10     | Noticed a two-headed ogre
 10343 | D:10     | Killed a two-headed ogre
 10349 | D:10     | Noticed a two-headed ogre
 10517 | D:10     | Reached skill level 10 in Axes
 10869 | D:10     | Killed a two-headed ogre
 10869 | D:10     | Reached **** piety under Okawaru
 11093 | D:10     | Found the +7 staff of the Meek {protect, meekguard}
 11272 | D:10     | Found a staircase to the Orcish Mines.
 11513 | D:10     | Reached XP level 11. HP: 89/95 MP: 14/14
 11635 | D:10     | Noticed a boulder beetle
 11747 | D:10     | Noticed a glowing orange brain
 11799 | D:11     | Reached skill level 9 in Fighting
 12293 | D:11     | Reached skill level 10 in Armour
 12673 | D:11     | Noticed a two-headed ogre
 12683 | D:11     | Killed a two-headed ogre
 13120 | D:11     | Noticed a centaur warrior
 13137 | D:11     | Killed a centaur warrior
 13152 | D:11     | Reached skill level 1 in Stealth
 13281 | D:11     | Found a staircase to the Lair.
 13551 | D:11     | Noticed a seven-headed hydra
 13562 | D:11     | Killed a seven-headed hydra
 13817 | Lair:1   | Entered Level 1 of the Lair of Beasts
 13915 | Lair:1   | Reached ***** piety under Okawaru
 14546 | Lair:1   | Noticed a boulder beetle
 14583 | Lair:1   | Killed a boulder beetle
 14950 | Lair:2   | Found a staircase to the Swamp.
 14950 | Lair:2   | Noticed a seven-headed hydra
 14967 | Lair:2   | Killed a seven-headed hydra
 15007 | Lair:2   | Reached skill level 1 in Maces & Flails
 15080 | Lair:2   | Reached XP level 12. HP: 106/106 MP: 16/16
 15137 | Lair:2   | Noticed Fannar
 15164 | Lair:2   | Killed Fannar
 15165 | Lair:2   | Reached skill level 5 in Crossbows
 15700 | Lair:2   | Received a gift from Okawaru
 15701 | Lair:2   | Reached skill level 10 in Fighting
 17293 | Lair:3   | Received a gift from Okawaru
 17323 | Lair:3   | Found a hole to the Spider Nest.
 18158 | Lair:4   | Reached skill level 11 in Fighting
 18184 | Lair:4   | Noticed a boulder beetle
 18196 | Lair:4   | Killed a boulder beetle
 18197 | Lair:4   | Reached XP level 13. HP: 114/116 MP: 18/18
 18876 | Lair:4   | Received a gift from Okawaru
 20104 | Lair:4   | Upgraded the game from 0.29-a0-483-g69413ace17 to
                  | 0.29-a0-490-g77b3608bb8
 20300 | Lair:5   | Identified the +0 hat of Vexation {Str+3} (Okawaru gifted
                  | it to you on level 5 of the Lair of Beasts)
 20300 | Lair:5   | Received a gift from Okawaru
 21516 | Lair:5   | Reached skill level 10 in Shields
 21685 | Lair:6   | Entered Level 6 of the Lair of Beasts
 22070 | Lair:6   | Reached skill level 12 in Fighting
 22668 | Lair:6   | Found a staircase to the Slime Pits.
 22793 | Lair:6   | Reached XP level 14. HP: 92/126 MP: 19/19
 24010 | Lair:6   | Received a gift from Okawaru
 24545 | Lair:6   | Received a gift from Okawaru
 24546 | Lair:6   | Reached skill level 13 in Fighting
 24895 | Lair:6   | Identified the +1 shadow dragon scales of Gafeph {Int+6
                  | Dex+2 Stlth++++}
 25944 | D:12     | Found Ytedd's Assorted Antiques.
 25949 | D:12     | Bought a twisted ruby ring for 130 gold pieces
 25949 | D:12     | Bought a potion of curing for 78 gold pieces
 25949 | D:12     | Bought a scroll of teleportation for 78 gold pieces
 25949 | D:12     | Bought a potion of curing for 78 gold pieces
 26973 | D:13     | Identified the +0 chain mail "Lyxuutod" {Stlth+}
 26993 | D:13     | Reached skill level 15 in Axes
 27245 | D:13     | Reached ****** piety under Okawaru
 27959 | Orc:1    | Entered Level 1 of the Orcish Mines
 28189 | Orc:1    | Found a shimmering blue altar of Sif Muna.
 28388 | Orc:2    | Entered Level 2 of the Orcish Mines
 28688 | Orc:1    | Received a gift from Okawaru
 28746 | Orc:1    | Found a runed translucent door.
 28749 | Orc:1    | Noticed a balrug
 28925 | Orc:2    | Reached XP level 15. HP: 137/137 MP: 21/21
 29179 | Orc:2    | Noticed Nergalle
 29186 | Orc:2    | Noticed an orc warlord
 29190 | Orc:2    | Killed Nergalle
 29210 | Orc:2    | Killed an orc warlord
 29213 | Orc:2    | Reached skill level 10 in Invocations
 29238 | Orc:2    | Found Iradwibb's General Store.
 29249 | Orc:2    | Found Ysuobum's Antique Armour Emporium.
 29255 | Orc:2    | Found Ingol's Book Emporium.
 29257 | Orc:2    | Found Daerysch's Antique Weapon Emporium.
 29647 | Orc:2    | Bought a shimmering chain mail for 304 gold pieces
 29647 | Orc:2    | Identified the +7 chain mail of the Bespelled God {Dex+4}
                  | (You bought it in a shop on level 2 of the Orcish Mines)
 29678 | Orc:2    | Bought a runed hand crossbow for 169 gold pieces
 29733 | Orc:2    | Found a staircase to the Elven Halls.
 29952 | Orc:2    | Found Caefumun's General Store.
 29955 | Orc:2    | Bought a potion of might for 48 gold pieces
 30148 | Orc:1    | Reached skill level 14 in Fighting
 31066 | D:14     | Noticed Lodul
 31456 | D:14     | Identified the +2 pair of gloves "Tev Ciny" {rC++ Int+3
                  | Dex-4} (Okawaru gifted it to you on level 14 of the
                  | Dungeon)
 31456 | D:14     | Received a gift from Okawaru
 31460 | D:14     | Killed Lodul
 31930 | D:14     | Found a white marble altar of Elyvilon.
 32905 | D:14     | Found a gate to the Vaults.
 33613 | D:15     | Entered Level 15 of the Dungeon
 33628 | D:15     | Noticed Louise
 33648 | D:15     | Killed Louise
 34091 | D:15     | Noticed Azrael
 34120 | D:14     | Killed Azrael
 34455 | D:15     | Identified a scroll of acquirement
 34456 | D:15     | Acquired 1330 gold pieces
 34476 | D:15     | Noticed Kirke
 34491 | D:15     | Killed Kirke
 34492 | D:15     | Reached skill level 15 in Fighting
 34794 | D:15     | Reached XP level 16. HP: 125/149 MP: 23/23
 34800 | D:15     | Identified the +6 broad axe of the Skies Above {vorpal,
                  | MP+9 Int+3} (Okawaru gifted it to you on level 15 of the
                  | Dungeon)
 34800 | D:15     | Received a gift from Okawaru
 34936 | D:15     | Found a staircase to the Depths.
 34944 | D:15     | Noticed a storm dragon
 34944 | D:15     | a death yak changed into a storm dragon
 34950 | D:15     | a storm dragon changed into an emperor scorpion
 35209 | Swamp:1  | Entered Level 1 of the Swamp
 36877 | Swamp:2  | Identified the +2 kite shield of the Nine Tales {Rampage
                  | rElec} (Okawaru gifted it to you on level 2 of the Swamp)
 36877 | Swamp:2  | Received a gift from Okawaru
 36882 | Swamp:2  | Reached skill level 1 in Earth Magic
 37051 | Swamp:2  | Noticed Aizul
 37076 | Swamp:2  | Killed Aizul
 37547 | Swamp:2  | Reached skill level 1 in Spellcasting
 38714 | Swamp:3  | Noticed a thorn hunter
 38735 | Swamp:3  | Killed a thorn hunter
 39566 | Swamp:3  | Reached skill level 15 in Armour
 39892 | Swamp:3  | Identified the +1 leather armour of Giablompyr {*Slow rElec
                  | Will+ Int+3}
 40088 | Swamp:4  | Entered Level 4 of the Swamp
 42386 | Swamp:4  | Found a large runed translucent door.
 42386 | Swamp:4  | Found a large runed translucent door.
 42391 | Swamp:4  | Noticed RandomusNamus's ghost (adept FoFi)
 42578 | Swamp:4  | Reached skill level 10 in Crossbows
 43718 | Swamp:3  | Identified the +4 ring mail of the Saviour {Dex+6} (Okawaru
                  | gifted it to you on level 3 of the Swamp)
 43718 | Swamp:3  | Received a gift from Okawaru
 44524 | Swamp:4  | Noticed the 27-headed Lernaean hydra
 45111 | Swamp:4  | Killed the 27-headed Lernaean hydra
 45112 | Swamp:4  | Reached XP level 17. HP: 101/158 MP: 20/24
 46214 | Swamp:4  | Got a decaying rune of Zot
 46583 | Depths:1 | Entered Level 1 of the Depths
 46780 | Depths:1 | You fall into a shaft and drop 1 floor!
 47148 | Depths:2 | Found a one-way gate to the infinite horrors of the Abyss.
 47443 | Depths:1 | Reached skill level 16 in Fighting
 47792 | Depths:1 | Noticed a lich
 47804 | Depths:1 | Killed a lich
 47865 | Depths:1 | Reached skill level 10 in Evocations
 48800 | Spider:1 | Entered Level 1 of the Spider Nest
 49798 | Elf:1    | Entered Level 1 of the Elven Halls
 49895 | Elf:1    | Noticed Donald
 49916 | Elf:1    | Killed Donald
 50601 | Elf:1    | Found Toxziaro's Magic Scroll Boutique.
 50625 | Elf:1    | Bought a scroll of teleportation for 39 gold pieces
 50625 | Elf:1    | Bought a scroll of teleportation for 39 gold pieces
 50625 | Elf:1    | Bought a scroll of fear for 45 gold pieces
 50692 | Elf:1    | You fall into a shaft and drop 1 floor!
 51371 | Elf:2    | Identified the +11 war axe of the Dancing Seeker {speed,
                  | rPois Str+2} (Okawaru gifted it to you on level 2 of the
                  | Elven Halls)
 51371 | Elf:2    | Received a gift from Okawaru
 51530 | Elf:2    | Found a runed translucent door.
 51557 | Elf:2    | Found a runed translucent door.
 51661 | Elf:2    | Found Xaup's Distillery.
 51760 | Elf:2    | Paralysed by an air elemental for 1 turns
 51959 | Elf:2    | Bought a potion of curing for 39 gold pieces
 51959 | Elf:2    | Bought a potion of might for 52 gold pieces
 51959 | Elf:2    | Bought a potion of mutation for 104 gold pieces
 51959 | Elf:2    | Bought a potion of curing for 39 gold pieces
 52287 | Elf:2    | Reached XP level 18. HP: 164/168 MP: 25/25
 52882 | Elf:2    | Reached skill level 17 in Fighting
 53329 | Elf:2    | Reached skill level 15 in Shields
 53518 | Elf:2    | Received a gift from Okawaru
 53808 | Elf:3    | Entered Level 3 of the Elven Halls
 53852 | Elf:3    | Paralysed by an air elemental for 1 turns
 53857 | Elf:3    | Paralysed by an air elemental for 1 turns
 54215 | Elf:3    | Noticed a Tzitzimitl
 54216 | Elf:3    | Noticed a Brimstone Fiend
 55761 | Elf:3    | Identified the ring of Werioqel {rF+ rC+ Dex+3 Slay+5}
 56165 | Elf:3    | Identified the +5 broad axe "Qecved" {vorpal, rF+ MP+9
                  | SInv}
 56197 | Elf:3    | Identified the ring of Bodily Harmony {rElec Int+3 Slay+4}
 56221 | Elf:3    | Reached skill level 18 in Fighting
 56490 | Elf:3    | Received a gift from Okawaru
 56770 | Elf:3    | Identified the ring "Tutsuocs" {rElec EV+4 Int+3}
 56782 | Elf:3    | Identified the +5 shortbow "Limuaqao" {vorpal, rF+ Will+
                  | Int+3 Stlth-}
 56835 | Elf:3    | Identified the +2 scale mail of Cuiczuf {rC- Str+4 Int+4
                  | Stlth+}
 57554 | Depths:1 | Found an ornate altar of the Wu Jian Council.
 57719 | Depths:1 | Found a gateway to Hell.
 57732 | Depths:1 | Reached XP level 19. HP: 132/180 MP: 22/26
 59337 | Depths:1 | Identified the +6 quarterstaff "Kodi" {flame, MP+9 Str+4
                  | Int+3}
 60502 | Depths:2 | Found a one-way gate leading to the halls of Pandemonium.
 60515 | Depths:2 | Reached skill level 19 in Fighting
 60522 | Depths:2 | Received a gift from Okawaru
 60983 | Depths:2 | Noticed a caustic shrike
 60983 | Depths:2 | Noticed a caustic shrike
 61003 | Depths:3 | Killed from afar by a fire dragon

Illustrated notes

Levels and vault maps discovered:
D:1:      giann_forest_graveyard, layout_loops_ring, hangedman_decor_slide_cut
D:2:      layout_rooms, hellmonk_ecumenical_altar_slurped_away,
          lexackson_kobold_supper
D:3:      layout_loops_ring, serial_undead, serial_undead_c, serial_undead_e,
          serial_undead_c, serial_undead_c, serial_undead_f, serial_undead_d,
          serial_undead_f, serial_undead_f, serial_undead_e, serial_undead_d,
          ebering_ghost_rock_garden
D:4:      layout_gridville, nicolae_uskayaw_murder_on_the_dancefloor,
          mainiacjoe_overflow_brackets, guppyfry_early_orc_mine,
          uniq_crazy_yiuf_cottage, uniq_blork_the_orc, uniq_grinder,
          uniq_sigmund
D:5:      layout_loops_ring, mainiacjoe_overflow_chevrons,
          minmay_temple_entry_ruins, uniq_pikel
D:6:      layout_cave_pools, grunt_qazlal_sundering, nicolae_overflow_squiral
D:7:      layout_basic, grunt_decor_fettered
D:8:      layout_basic, dk_noncrumbling_2, minivault_21
D:9:      layout_long_grid, chequers_serial_rivers_small_b, eino_curves_01,
          dreamdust_mushroom_princess, minmay_misc_feat_rugged
D:10:     layout_rooms, erik_orc_1, roderic_batcave, lightli_corner_chamber
D:11:     layout_loops_corners, erik_lair_orcish_takeover
D:12:     layout_loops_ring, serial_shops, nicolae_shop_hallway_stairs
D:13:     layout_irregular_city
D:14:     layout_irregular_city, grunt_vaults_entry_fortified,
          nicolae_elyvilon_peaceful_grove, due_unseen_surprise, uniq_lodul
D:15:     gammafunk_enter_depths_forms, layout_rooms, uniq_louise, uniq_kirke,
          uniq_azrael
Temple:   eino_temple_scatter_basement
Lair:1:   dragon1_lemuel, layout_gridlike, nzn_random_ring, lemuel_fruit_fields
Lair:2:   layout_loops_ring, minmay_swamp_entry_reptiles, grunt_megastairs_3,
          uniq_fannar
Lair:3:   layout_regular_city, spider_nest_entry_webs
Lair:4:   layout_layer_cave, cheibrodos_lair_caveside_slide, grunt_megastairs_5
Lair:5:   layout_cave_pods, beast_lair_carwin_8
Lair:6:   evilmike_catoblepas_cave, layout_gridlike, slime_dummy,
          nicolae_lair_yak_garden, grunt_megastairs_4, serial_bayou_shore_b
Swamp:1:  layout_basic_swamp, evilmike_swamp_ruin_house_3
Swamp:2:  layout_basic_swamp, hangedman_swamp_cone, uniq_aizul
Swamp:3:  layout_basic_swamp, serial_swamp_ruin, evilmike_swamp_ruin_rubble_2,
          evilmike_swamp_ruin_house_6, evilmike_swamp_ruin_house_5
Swamp:4:  swamp_old_school, layout_basic_swamp, ebering_ghost_disaster_area,
          swamp_pool1
Spider:1: layout_spider_delve
Orc:1:    dreamdust_dug_too_deep, layout_diamond_mine, kennysheep_orc_sif_temple
Orc:2:    grunt_orc_cross, layout_caves, serial_shops, nicolae_shop_behind_doors
Elf:1:    eino_elf_arrival_shootout, layout_loops_cross, serial_shops,
          nicolae_shop_advertising_works [nicolae_subvault_shop_adworks],
          uniq_donald
Elf:2:    elven_hall_of_blades_hangedman_original
          [nicolae_blade_entry_splitting_headache], layout_rooms, serial_shops,
          nicolae_shop_stone, nicolae_elf_big_sculpture_2, wad_floor_pattern_2,
          nrook_uturn
Elf:3:    minmay_elf_hall_four_x, layout_loops_cross
Depths:1: layout_forbidden_donut, grunt_hell_entry_demonic_statue,
          kennysheep_decorative_pillar, nicolae_wu_jian_immortal_techniques,
          firewood_loft
Depths:2: minmay_connected_triangles_in_corner, layout_cave_shapes,
          hangedman_abyss_entry_splay, serial_bayou_pond_a,
          rand_demon_pan_entry_9, pf_coc_iceberg, serial_bayou_shore_b,
          infiniplex_staircase_pillars_1
Depths:3: grunt_crosshair, layout_twisted_cross, nrook_mini_backslash,
          abyss_entry, hell_entry, grunt_pan_entry_in_and_out,
          minmay_misc_feat_encased, minmay_shop_star, uniq_mennas

Skill      XL: |  1  2  3  4  5  6  7  8  9 10 11 12 13 14 15 16 17 18 19 |
---------------+----------------------------------------------------------+-----
Armour         | 4 5 7 8 9 11 12 13 14 15 16 | 16.9
Shields        | 4 5 6 7 8 9 10 11 12 13 14 15 16 | 16.3
Fighting       | 4 5 6 7 8 9 11 12 13 15 16 18 19 | 19.1
Axes           | 3 4 5 6 7 9 10 11 12 14 15 16 17 18 | 18.8
Invocations    | 1 2 3 4 5 7 8 9 10 11 | 11.8
Evocations     | 1 2 3 4 5 6 7 8 9 10 11 | 11.1
Dodging        | 1 2 3 4 |  4.7
Crossbows      | 2 4 5 7 8 9 10 11 12 | 12.1
Stealth        | 1 2 |  2.0
Maces & Flails | 1 2 |  2.9
Earth Magic    | 2 3 |  3.8
Spellcasting   | 2 |  2.8
Throwing       | |  0.1

Action                   |  1- 3 |  4- 6 |  7- 9 | 10-12 | 13-15 | 16-18 | 19-21 || total
-------------------------+-------+-------+-------+-------+-------+-------+-------++-------
Melee: War axe           |   134 |   102 |   292 |   461 |       |   548 |   227 ||  1764
       Headbutt          |    19 |    19 |    55 |   130 |   268 |   316 |    63 ||   870
       Flail             |       |       |       |    21 |    14 |       |       ||    35
       Broad axe         |       |       |       |   155 |   973 |   803 |       ||  1931
       Eveningstar       |       |       |       |       |       |    43 |       ||    43
 Fire: Hand crossbow     |       |       |       |    50 |    60 |   156 |     4 ||   270
Throw: Throwing net      |       |       |     1 |     3 |       |       |       ||     4
Invok: Heroism           |       |       |       |    13 |    11 |    14 |     1 ||    39
       Finesse           |       |       |       |     9 |    13 |    15 |     1 ||    38
Evoke: Wand              |       |       |     1 |    13 |     7 |     5 |       ||    26
       Condenser vane    |       |       |       |       |       |     1 |       ||     1
  Use: Scroll            |       |     1 |     6 |    11 |    17 |     9 |     3 ||    47
       Potion            |       |     1 |     4 |     1 |     1 |    18 |     2 ||    27
 Stab: Confused          |       |       |       |     2 |       |       |       ||     2
       Petrified         |       |       |       |       |     3 |       |       ||     3
       Petrifying        |       |       |       |       |     2 |       |       ||     2
       Sleeping          |       |       |       |       |     6 |       |       ||     6
       Paralysed         |       |       |       |       |       |     2 |       ||     2
Armor: Scale mail        |     7 |       |       |       |       |       |       ||     7
       Chain mail        |    75 |    80 |   173 |   376 |   285 |   527 |    48 ||  1564
       Shadow dragon sca |       |       |       |       |   204 |       |       ||   204
       Skin              |       |       |       |       |       |     3 |       ||     3
       Swamp dragon scal |       |       |       |       |       |    31 |       ||    31
Dodge: Dodged            |    35 |    38 |   159 |   242 |   359 |   346 |    23 ||  1202
Block: Buckler           |    23 |    21 |    77 |   168 |   193 |       |       ||   482
       Kite shield       |       |       |       |       |    93 |   623 |    80 ||   796
       Tower shield      |       |       |       |       |    87 |    95 |       ||   182

Table legend: (Time is in decaauts)
 A = Elapsed time spent in this place.
 B = Non-inter-level travel time spent in this place.
 C = Inter-level travel time spent in this place.
 D = Time resting spent in this place.
 E = Time spent auto-exploring this place.
 F = Levels seen in this place.
 G = Mean time per level.
                   A        B        C        D        E       F      G
               +--------+--------+--------+--------+--------+-----+--------+
         Total |  60583 |  57558 |   3025 |  21151 |  27004 |  35 | 1730.9 |
       Dungeon |  22412 |  20615 |   1797 |   6205 |  10781 |  15 | 1494.1 |
        Temple |    123 |    105 |     18 |      0 |     56 |   1 |  123.0 |
          Lair |  12376 |  11824 |    552 |   3410 |   6822 |   6 | 2062.7 |
         Swamp |  11373 |  11244 |    129 |   6792 |   2991 |   4 | 2843.2 |
   Spider Nest |     40 |     40 |      0 |      0 |      0 |   1 |   40.0 |
  Orcish Mines |   2330 |   2099 |    231 |    341 |   1349 |   2 | 1165.0 |
   Elven Halls |   7015 |   6861 |    154 |   2304 |   3142 |   3 | 2338.3 |
        Depths |   4911 |   4770 |    141 |   2098 |   1860 |   3 | 1637.0 |
               +--------+--------+--------+--------+--------+-----+--------+

Top non-repeatable levels by time:
 Swamp:3: 5822 daAuts
    D:14: 3285 daAuts
  Lair:6: 3203 daAuts
   Elf:2: 2855 daAuts
Depths:1: 2769 daAuts
   Elf:3: 2715 daAuts
 Swamp:4: 2503 daAuts
    D:11: 2348 daAuts
  Lair:3: 2194 daAuts
    D:13: 2127 daAuts
  Lair:4: 2082 daAuts
Depths:2: 2068 daAuts
     D:9: 2010 daAuts
  Lair:2: 1935 daAuts
  Lair:5: 1812 daAuts
